 Dungeon Crawl Stone Soup version 0.18.1-48-g4cf74bf (webtiles) character file.

51 Joat the Sneak (level 3, -2/24 HPs)
             Began as an Octopode Wizard on Aug 29, 2016.
             Slain by a hobgoblin
             ... wielding a +0 club
             ... led by Robin
              (8 damage)
             ... on level 3 of the Dungeon.
             The game lasted 00:06:55 (1182 turns).

Joat the Sneak (Octopode Wizard)                    Turns: 1182, Time: 00:06:58

Health: -2/24      AC:  1    Str:  6    XL:     3   Next: 83%
Magic:  7/7        EV:  7    Int: 20    God:
Gold:   118        SH:  0    Dex: 11    Spells: 3 memorised, 3 levels left

rFire  . . .     SeeInvis .     h - +1 dagger (venom)
rCold  . . .     Gourm    .     (no shield)
rNeg   . . .     Faith    .     a - +0 hat
rPois  .         Spirit   .     (no amulet)
rElec  .         Dismiss  .     (no ring)
rCorr  .         Reflect  .     (no ring)
SustAt .         Harm     .     (no ring)
MR     .....                    (no ring)
Stlth  +++.......               (no ring)
                                (no ring)
                                (no ring)
                                (no ring)

@: very slightly contaminated, hasted, repel missiles, very quick, not resistant
to hostile enchantments, fairly stealthy
A: almost no armour, amphibious, 8 rings, constrict 8, camouflage 1, gelatinous
body 1
a: no special abilities


You were on level 3 of the Dungeon.
You were not hungry.

You visited 1 branch of the dungeon, and saw 3 of its levels.

You collected 118 gold pieces.

Inventory:

Hand Weapons
 d - a +0 short sword
 h - a +1 dagger of venom (weapon)
 k - a +0 dagger of venom
Armour
 a - a +0 hat (worn)
Scrolls
 e - a scroll of blinking {unknown}
 f - 4 scrolls of remove curse {unknown}
 i - a scroll of recharging {unknown}
 j - 2 scrolls of identify {unknown}
 l - 2 scrolls of fog {unknown}
 n - 2 scrolls of enchant weapon {unknown}
 p - a scroll of amnesia {unknown}
 t - a scroll of random uselessness {unknown}
Potions
 m - a potion of agility {unknown}
 o - a potion of invisibility {unknown}
 q - a potion of curing
 s - 2 potions of degeneration {unknown}
Books
 b - a book of Minor Magic

   Spells                             Type                      Level
   a - Magic Dart                     Conjuration                  1
   b - Blink                          Translocation                2
   c - Call Imp                       Summoning                    2
   d - Repel Missiles                 Charms/Air                   2
   e - Slow                           Hexes                        2
   f - Conjure Flame                  Conjuration/Fire             3
   g - Mephitic Cloud                 Conjuration/Poison/Air       3
Comestibles
 c - a bread ration
 g - 10 chunks of flesh
 r - 5 fruits


   Skills:
 + Level 1.7 Fighting
 + Level 1.5 Short Blades
 + Level 2.2 Dodging
 + Level 3.4 Stealth
 - Level 3.0 Spellcasting
 - Level 1.4 Conjurations
   Level 1.0 Summonings
 - Level 1.0 Translocations


You had 3 spell levels left.
You knew the following spells:

 Your Spells              Type           Power        Failure   Level  Hunger
a - Magic Dart            Conj           #...         10%         1    None
b - Blink                 Tloc           N/A          17%         2    ##.....
d - Repel Missiles        Chrm/Air       #.....       24%         2    ##.....


Dungeon Overview and Level Annotations

Branches:
Dungeon (3/15)

Altars:
Kikubaaqudgha

Annotations:
D:3 Robin


Innate Abilities, Weirdness & Mutations

You cannot wear most types of armour.
You are amphibious.
You can wear up to eight rings at the same time.
You can use your tentacles to constrict eight enemies at once.
Your skin changes colour to match your surroundings (Stealth).
Your rubbery body absorbs attacks (AC +1).


Message History

The goblin is severely wounded.
You kill the goblin!
Things that are here:
a club; a goblin corpse You butcher the goblin corpse.
g - 10 chunks of flesh (gained 2)
You see here a club.
There is a stone staircase leading down here.
You climb downwards.
Level annotation: Robin The goblin hits you.
The goblin misses you. The bat hits you but does no damage.
The hobgoblin barely misses you.
There is a stone staircase leading up, spattered with blood here.
The bat hits you. The goblin hits you.
* * * LOW HITPOINT WARNING * * *
The goblin barely misses you.
Robin roars a battlecry!
The goblins go into a battle-frenzy!
The hobgoblin hits you with a club!
You die...

##### ....#
....# ....###
.......
####.###g...##
......g@gg...#
......##bg...#
###.# g....#
.. .....# #
.....# .....#
..#### ..#


You could see Robin, 2 hobgoblins, 3 goblins and a bat.

Vanquished Creatures
  2 adders (D:2)
  An ooze (D:2)
  A worm (D:2)
  A giant gecko (D:2)
  A giant cockroach (D:2)
  2 hobgoblins (D:2)
  4 bats
  3 giant newts
  6 goblins
  2 kobolds
  6 rats
29 creatures vanquished.

Vanquished Creatures (others)
  A human (D:2)
1 creature vanquished.

Grand Total: 30 creatures vanquished

Notes
Turn   | Place    | Note
--------------------------------------------------------------
     0 | D:1      | Joat the Octopode Wizard began the quest for the Orb.
     0 | D:1      | Reached XP level 1. HP: 11/11 MP: 4/4
   532 | D:2      | Reached skill level 1 in Fighting
   532 | D:2      | Reached skill level 1 in Short Blades
   532 | D:2      | Reached XP level 2. HP: 18/18 MP: 6/6
   556 | D:2      | Found an ancient bone altar of Kikubaaqudgha.
   557 | D:2      | Noticed a human
   559 | D:2      | Killed a human
   652 | D:2      | Reached XP level 3. HP: 11/23 MP: 7/7
   817 | D:2      | Learned a level 2 spell: Blink
   820 | D:2      | Learned a level 2 spell: Repel Missiles
  1131 | D:3      | Noticed Robin
  1182 | D:3      | Slain by a hobgoblin

Skill      XL: |  1  2  3 |
---------------+----------+-----
Fighting       | 1 |  1.7
Short Blades   | 1 |  1.5
Stealth        | 3 |  3.4
Dodging        | |  2.2
Spellcasting   | |  3.0
Conjurations   | |  1.4
Summonings     | |  1.0
Translocations | |  1.0

Action                   || total
-------------------------++-------
Melee: Dagger            ||    44
       Constrict         ||    13
       Short sword       ||     3
       Tentacles         ||     3
 Cast: Magic Dart        ||     8
       Repel Missiles    ||     1
  Use: Potion            ||     2
 Stab: Sleeping          ||     9
  Eat: Chunk             ||     1
Armor: Skin              ||     5
Dodge: Dodged            ||    25
